RES
STRATHFIELD ANGELS @ BLACKTOWN PUMAS
04/16/2022
 
TOP OF THE 1ST
Strathfield Angels batting - Pitching for Blacktown Pumas : RHP Chris Israel
Pitching: RHP Chris Israel
Batting: RHB Trevor Tinter 0-0: Ground out 4-3 (Groundball, 4S, EV 80.6 MPH)
Batting: RHB Joe Graves 0-0: Ball
1-0: Fly out, F3 (Popup, 3L, EV 64.4 MPH)
Batting: LHB Hughie Stannard 0-0: Foul Ball, location: 3DF
0-1: SINGLE (Line Drive, 9LM, EV 107.5 MPH)
Batting: SHB Lionel Lovenbury 0-0: Called Strike
0-1: Swinging Strike
0-2: Ground out 4-3 (Groundball, 34, EV 88.8 MPH)
Top of the 1st over - 0 runs, 1 hit, 0 errors, 1 left on base; Strathfield 0 - Blacktown 0
BOTTOM OF THE 1ST
Blacktown Pumas batting - Pitching for Strathfield Angels : RHP Rohan Bebb
Pitching: RHP Rohan Bebb
Batting: SHB Cheyse Cleaver 0-0: Foul Ball, location: 2F
0-1: Foul Ball, location: 7LDF
0-2: Ground out 6-3 (Groundball, 6, EV 102.5 MPH)
Batting: LHB Elvin Nottage 0-0: Ball
1-0: Fly out, F9 (Flyball, 89M, EV 88.1 MPH)
Batting: RHB Kyler Parkins 0-0: Ground out 6-3 (Groundball, 6S, EV 90.6 MPH)
Bottom of the 1st over - 0 runs, 0 hits, 0 errors, 0 left on base; Strathfield 0 - Blacktown 0
TOP OF THE 2ND
Strathfield Angels batting - Pitching for Blacktown Pumas : RHP Chris Israel
Batting: RHB Paul Hambly 0-0: Ball
1-0: Called Strike
1-1: SINGLE (Groundball, 4MD, EV 108.1 MPH)
Batting: RHB Timmy Smith 0-0: SINGLE (Groundball, 34D, EV 104.4 MPH)
Paul Hambly to second
Runner from 2nd tries for 3rd, SAFE, throw by RF made to third
Batting: LHB Brad Jevons 0-0: Ball
Passed Ball!
Paul Hambly scores
Timmy Smith to second
1-0: DOUBLE (Flyball, 89D, EV 104.4 MPH)
Timmy Smith scores
Batting: RHB Eric Pickering 0-0: Ball
1-0: Foul Ball, location: 23F
1-1: Foul Ball, location: 2F
1-2: Strikes out swinging
Batting: SHB P.T. Clifford 0-0: Called Strike
0-1: Foul Ball, location: 2F
0-2: Fly out, F7 (Flyball, 78M, EV 86.9 MPH)
Batting: RHB Trevor Tinter 0-0: Ground out 5-3 (Groundball, 5, EV 98.1 MPH)
Top of the 2nd over - 2 runs, 3 hits, 0 errors, 1 left on base; Strathfield 2 - Blacktown 0
BOTTOM OF THE 2ND
Blacktown Pumas batting - Pitching for Strathfield Angels : RHP Rohan Bebb
Batting: SHB Louie Mumford 0-0: Called Strike
0-1: Called Strike
0-2: Foul Ball, location: 23FF
0-2: Ball
1-2: Foul Ball, location: 2F
1-2: Foul Ball, location: 7LSF
1-2: Ball
2-2: Strikes out swinging
Batting: RHB Davey Anderton 0-0: Called Strike
0-1: Foul Ball, location: 5FF
0-2: Ground out 5-3 (Groundball, 5, EV 86.9 MPH)
Batting: LHB Sinbad Rabjohns 0-0: Foul Ball, location: 5DF
0-1: Foul Ball, location: 5F
0-2: Strikes out looking
Bottom of the 2nd over - 0 runs, 0 hits, 0 errors, 0 left on base; Strathfield 2 - Blacktown 0
TOP OF THE 3RD
Strathfield Angels batting - Pitching for Blacktown Pumas : RHP Chris Israel
Batting: RHB Joe Graves 0-0: Ball
1-0: Swinging Strike
1-1: Ball
2-1: Foul Ball, location: 7LDF
2-2: Ground out 5-3 (Groundball, 56, EV 98.1 MPH)
Batting: LHB Hughie Stannard 0-0: Swinging Strike
0-1: Ball
1-1: Swinging Strike
1-2: Fly out, F6 (Popup, 15, EV 71.9 MPH)
Batting: SHB Lionel Lovenbury 0-0: Called Strike
0-1: Swinging Strike
0-2: Ball
1-2: Ball
2-2: Foul Ball, location: 2F
2-2: Ball
3-2: Foul Ball, location: 5F
3-2: Base on Balls
Batting: RHB Paul Hambly 0-0: Called Strike
0-1: Foul Ball, location: 9LMF
0-2: Ball
1-2: Ball
2-2: Foul Ball, location: 2F
2-2: Fly out, F9 (Flyball, 9S, EV 84.4 MPH)
Top of the 3rd over - 0 runs, 0 hits, 0 errors, 1 left on base; Strathfield 2 - Blacktown 0
BOTTOM OF THE 3RD
Blacktown Pumas batting - Pitching for Strathfield Angels : RHP Rohan Bebb
Batting: RHB Mick Beard 0-0: Ball
1-0: Foul Ball, location: 2F
1-1: SOLO HOME RUN (Flyball, 7LD, EV 90.6 MPH), Distance : 342 ft
Batting: RHB Cam Lett 0-0: Ball
1-0: Swinging Strike
1-1: Ball
2-1: Ball
3-1: Ground out 4-3 (Groundball, 4, EV 87.5 MPH)
Batting: LHB Angelo Thomlinson 0-0: Called Strike
0-1: Ball
1-1: Fly out, F7 (Line Drive, 7, EV 81.3 MPH)
Batting: SHB Cheyse Cleaver 0-0: Called Strike
0-1: Fly out, F7 (Flyball, 7LS, EV 81.9 MPH)
Bottom of the 3rd over - 1 run, 1 hit, 0 errors, 0 left on base; Strathfield 2 - Blacktown 1
TOP OF THE 4TH
Strathfield Angels batting - Pitching for Blacktown Pumas : RHP Chris Israel
Batting: RHB Timmy Smith 0-0: Ball
1-0: Foul Ball, location: 9LDF
1-1: Foul Ball, location: 9LDF
1-2: SINGLE (Groundball, 34D, EV 96.9 MPH)
Batting: LHB Brad Jevons 0-0: Bunted foul
0-1: Bunt missed!
0-2: Foul Ball, location: 7LDF
0-2: Strikes out swinging
Batting: RHB Eric Pickering 0-0: Called Strike
0-1: SINGLE (Groundball, 34, EV 105.6 MPH) (infield hit)
Timmy Smith to second
Batting: SHB P.T. Clifford 0-0: DOUBLE (Flyball, 8LXD, EV 108.1 MPH)
Timmy Smith scores
Eric Pickering to third
Runner from 3rd tries for Home, SAFE, no throw by CF
Batting: RHB Trevor Tinter 0-0: Ball
1-0: Ball
2-0: Ground out 4-3 (Groundball, 34, EV 109.4 MPH)
P.T. Clifford to third
Batting: RHB Joe Graves 0-0: Ball
1-0: Ball
2-0: Called Strike
2-1: Ball
3-1: Called Strike
3-2: Ground out 6-3 (Groundball, 6, EV 88.8 MPH)
Top of the 4th over - 2 runs, 3 hits, 0 errors, 1 left on base; Strathfield 4 - Blacktown 1
BOTTOM OF THE 4TH
Blacktown Pumas batting - Pitching for Strathfield Angels : RHP Rohan Bebb
Batting: LHB Elvin Nottage 0-0: Called Strike
0-1: Ball
1-1: Fly out, F7 (Line Drive, 7LM, EV 105.6 MPH)
Batting: RHB Kyler Parkins 0-0: Ball
1-0: Ball
2-0: Ball
3-0: Called Strike
3-1: Ground out 4-3 (Groundball, 4, EV 100.0 MPH)
Batting: SHB Louie Mumford 0-0: Ball
1-0: Called Strike
1-1: Called Strike
1-2: Ball
2-2: Foul Ball, location: 23F
2-2: Foul Ball, location: 2F
2-2: Foul Ball, location: 2F
2-2: Ball
3-2: SINGLE (Line Drive, 34D, EV 99.4 MPH)
Batting: RHB Davey Anderton 0-0: Ball
1-0: Fly out, F9 (Flyball, 9D, EV 107.5 MPH)
Bottom of the 4th over - 0 runs, 1 hit, 0 errors, 1 left on base; Strathfield 4 - Blacktown 1
TOP OF THE 5TH
Strathfield Angels batting - Pitching for Blacktown Pumas : RHP Chris Israel
Batting: LHB Hughie Stannard 0-0: SINGLE (Groundball, 3S, EV 60.6 MPH) (infield hit)
Batting: SHB Lionel Lovenbury 0-0: Called Strike
0-1: Swinging Strike
0-2: Strikes out swinging
Batting: RHB Paul Hambly 0-0: Called Strike
Hughie Stannard steals 2nd base
0-1: Swinging Strike
0-2: Ball
1-2: Ball
2-2: Strikes out looking
Batting: RHB Timmy Smith 0-0: Swinging Strike
0-1: Foul Ball, location: 2F
0-2: Ball
1-2: Foul Ball, location: 3F
1-2: Ball
2-2: Ball
3-2: SINGLE (Flyball, 34D, EV 90.0 MPH)
Hughie Stannard to third
Runner from 3rd tries for Home, throw by RF and OUT! 9-2
Top of the 5th over - 0 runs, 2 hits, 0 errors, 1 left on base; Strathfield 4 - Blacktown 1
BOTTOM OF THE 5TH
Blacktown Pumas batting - Pitching for Strathfield Angels : RHP Rohan Bebb
Batting: LHB Sinbad Rabjohns 0-0: Ball
1-0: Swinging Strike
1-1: SINGLE (Line Drive, 5D, EV 106.9 MPH)
Batting: RHB Mick Beard 0-0: Ball
1-0: Ball
2-0: Foul Ball, location: 3F
2-1: Ball
3-1: Base on Balls
Sinbad Rabjohns to second
Batting: RHB Cam Lett 0-0: Bunted foul
0-1: Sac Bunt to 2R - play at first, batter OUT! 2-4
Sinbad Rabjohns to third
Mick Beard to second
Batting: LHB Angelo Thomlinson 0-0: Ball
1-0: Ball
2-0: Ball
3-0: Base on Balls
Batting: SHB Cheyse Cleaver 0-0: Ball
1-0: Fly out, F9 (Flyball, 9D, EV 100.6 MPH)
Runner from 3rd tags up, SCORES, no throw by RF
Mick Beard to third
Batting: LHB Elvin Nottage 0-0: SINGLE (Groundball, 34D, EV 107.5 MPH)
Mick Beard scores
Angelo Thomlinson to second
Runner from 2nd tries for 3rd, SAFE, throw by RF made to third
Batting: RHB Kyler Parkins 0-0: Ball
1-0: Ball
2-0: SINGLE (Line Drive, 56, EV 96.3 MPH)
Angelo Thomlinson scores
Elvin Nottage to second
Batting: SHB Louie Mumford 0-0: Ball
1-0: Called Strike
1-1: Ball
2-1: Foul Ball, location: 5F
2-2: Fielders Choice at 2nd, 5-4 (Groundball, 56, EV 95.0 MPH)
Bottom of the 5th over - 3 runs, 3 hits, 0 errors, 2 left on base; Strathfield 4 - Blacktown 4
TOP OF THE 6TH
Strathfield Angels batting - Pitching for Blacktown Pumas : RHP Chris Israel
Batting: LHB Brad Jevons 0-0: Ball
1-0: Ground out 6-3 (Groundball, 6, EV 100.6 MPH)
Batting: RHB Eric Pickering 0-0: Called Strike
0-1: Called Strike
0-2: Strikes out swinging
Batting: SHB P.T. Clifford 0-0: Ball
1-0: Ball
2-0: Foul Ball, location: 3DF
2-1: Foul Ball, location: 2F
2-2: Strikes out swinging
Top of the 6th over - 0 runs, 0 hits, 0 errors, 0 left on base; Strathfield 4 - Blacktown 4
BOTTOM OF THE 6TH
Blacktown Pumas batting - Pitching for Strathfield Angels : RHP Rohan Bebb
Pitching: RHP Brian Robinson
Batting: RHB Davey Anderton 0-0: Ball
1-0: Foul Ball, location: 5F
1-1: Foul Ball, location: 2F
1-2: Ball
2-2: Strikes out swinging
Batting: LHB Sinbad Rabjohns 0-0: Ball
1-0: Called Strike
1-1: Foul Ball, location: 2F
1-2: Ball
2-2: Ground out 4-3 (Groundball, 4, EV 91.9 MPH)
Batting: RHB Mick Beard 0-0: Fly out, F5 (Popup, 15S, EV 91.3 MPH)
Bottom of the 6th over - 0 runs, 0 hits, 0 errors, 0 left on base; Strathfield 4 - Blacktown 4
TOP OF THE 7TH
Strathfield Angels batting - Pitching for Blacktown Pumas : RHP Chris Israel
Batting: RHB Trevor Tinter 0-0: Ball
1-0: Ball
2-0: Ground out 6-3 (Groundball, 6, EV 85.0 MPH)
Batting: RHB Joe Graves 0-0: Foul Ball, location: 3F
0-1: Swinging Strike
0-2: SINGLE (Groundball, 34S, EV 71.9 MPH) (infield hit)
Batting: LHB Hughie Stannard 0-0: Fielders Choice at 2nd, 4-6 (Groundball, 4, EV 87.5 MPH)
Pitching: RHP Kevin Nurse
Batting: SHB Lionel Lovenbury 0-0: Called Strike
0-1: Ball
1-1: SINGLE (Flyball, 5D, EV 91.3 MPH)
Hughie Stannard to second
Pinch Hitting: SHB David Hoddinott 0-0: Ball
1-0: Ground out 4-3 (Groundball, 4, EV 81.3 MPH)
Top of the 7th over - 0 runs, 2 hits, 0 errors, 2 left on base; Strathfield 4 - Blacktown 4
BOTTOM OF THE 7TH
Blacktown Pumas batting - Pitching for Strathfield Angels : RHP Brian Robinson
Now at 2B: David Hoddinott
Batting: RHB Cam Lett 0-0: Foul Ball, location: 7LMF
0-1: Ball
1-1: Ball
2-1: Fly out, F8 (Flyball, 8LM, EV 96.3 MPH)
Batting: LHB Angelo Thomlinson 0-0: Ball
1-0: Ball
2-0: Called Strike
2-1: Ball
3-1: Base on Balls
Batting: SHB Cheyse Cleaver 0-0: Foul Ball, location: 5FF
0-1: SINGLE (Line Drive, 89M, EV 99.4 MPH)
Angelo Thomlinson to second
Batting: LHB Elvin Nottage 0-0: SINGLE (Groundball, 4M, EV 106.9 MPH)
Angelo Thomlinson to third
Cheyse Cleaver to second
Runner from 3rd tries for Home, SAFE, throw by CF to home
Batting: RHB Kyler Parkins 0-0: Ball
1-0: Called Strike
1-1: Called Strike
1-2: Fielders Choice at 2nd, 4-6 (Groundball, 4, EV 89.4 MPH)
Cheyse Cleaver to third
Batting: SHB Louie Mumford 0-0: Called Strike
0-1: Foul Ball, location: 7LDF
0-2: 3-RUN HOME RUN (Flyball, 7D, EV 95.0 MPH), Distance : 381 ft
Pitching: RHP Justin Annetts
Batting: RHB Davey Anderton 0-0: Ball
1-0: Foul Ball, location: 9LDF
1-1: Ball
2-1: Fly out, F9 (Flyball, 9LM, EV 83.8 MPH)
Bottom of the 7th over - 4 runs, 3 hits, 0 errors, 0 left on base; Strathfield 4 - Blacktown 8
TOP OF THE 8TH
Strathfield Angels batting - Pitching for Blacktown Pumas : RHP Kevin Nurse
Batting: RHB Timmy Smith 0-0: Ball
1-0: Foul Ball, location: 3F
1-1: Foul Ball, location: 2F
1-2: Hit by Pitch
Batting: LHB Brad Jevons 0-0: Called Strike
0-1: Ball
1-1: Swinging Strike
1-2: Strikes out swinging
Batting: RHB Eric Pickering 0-0: DOUBLE (Line Drive, 7LS, EV 109.4 MPH)
Timmy Smith to third
Runner from 3rd tries for Home, throw by LF and OUT! 7-6-2
Eric Pickering to third
Batting: SHB P.T. Clifford 0-0: Ball
1-0: Called Strike
1-1: Swinging Strike
1-2: Fly out, F7 (Flyball, 7S, EV 92.5 MPH)
Top of the 8th over - 0 runs, 1 hit, 0 errors, 1 left on base; Strathfield 4 - Blacktown 8
BOTTOM OF THE 8TH
Blacktown Pumas batting - Pitching for Strathfield Angels : RHP Justin Annetts
Batting: LHB Sinbad Rabjohns 0-0: Ball
1-0: Foul Ball, location: 3F
1-1: Ball
2-1: Swinging Strike
2-2: Ball
3-2: Foul Ball, location: 5F
3-2: Strikes out swinging
Batting: RHB Mick Beard 0-0: Ball
1-0: Ball
2-0: Called Strike
2-1: Fly out, F7 (Flyball, 7LM, EV 93.8 MPH)
Batting: RHB Cam Lett 0-0: Called Strike
0-1: Ball
1-1: SINGLE (Line Drive, 4M, EV 110.6 MPH)
Batting: LHB Angelo Thomlinson 0-0: Called Strike
0-1: Swinging Strike
0-2: Strikes out swinging
Bottom of the 8th over - 0 runs, 1 hit, 0 errors, 1 left on base; Strathfield 4 - Blacktown 8
TOP OF THE 9TH
Strathfield Angels batting - Pitching for Blacktown Pumas : RHP Kevin Nurse
Batting: RHB Trevor Tinter 0-0: Ball
1-0: Called Strike
1-1: Ball
2-1: Foul Ball, location: 2F
2-2: Ball
3-2: Foul Ball, location: 9LDF
3-2: Ground out 6-3 (Groundball, 6, EV 106.3 MPH)
Batting: RHB Joe Graves 0-0: Ball
1-0: Swinging Strike
1-1: Called Strike
1-2: Ball
2-2: Strikes out swinging
Batting: LHB Hughie Stannard 0-0: Called Strike
0-1: Ball
1-1: Ball
2-1: Foul Ball, location: 2F
2-2: Strikes out swinging
Top of the 9th over - 0 runs, 0 hits, 0 errors, 0 left on base; Strathfield 4 - Blacktown 8
Tuesday, April 23rd , 2024 - OOTP Baseball 24.9 Build 80